 Dungeon Crawl Stone Soup version 0.27.1-3-gb3d3a73c9e (webtiles) character file.

Game seed: 16963108385090768336

77 raph the Firebug (level 4, 0/24 HPs)
             Began as a Deep Elf Fire Elementalist on Oct 13, 2021.
             Slain by an adder (3 damage)
             ... on level 3 of the Dungeon.
             The game lasted 00:04:53 (1802 turns).

raph the Firebug (Deep Elf Fire Elementalist)       Turns: 1802, Time: 00:04:53

Health: 0/24       AC:  2    Str:  5    XL:     4   Next: 13%
Magic:  2/11       EV: 13    Int: 21    God:
Gold:   38         SH:  0    Dex: 15    Spells: 3/9 levels left

rFire    . . .     SeeInvis .   j - +1 dagger (freeze)
rCold    . . .     Faith    .   (no shield)
rNeg     . . .     Spirit   .   a - +0 robe
rPois    .         Reflect  .   (no helmet)
rElec    .         Harm     .   (no cloak)
rCorr    .         Rampage  .   (no gloves)
Will     .....                  (no boots)
Stlth    ++........             (no amulet)
HPRegen  0.08/turn              (no ring)
MPRegen  0.12/turn              (no ring)

@: very slightly contaminated
A: no striking features
a: no special abilities


You were on level 3 of the Dungeon.
You visited 1 branch of the dungeon, and saw 3 of its levels.

You collected 38 gold pieces.

Inventory:

Hand Weapons
 b - a +0 dagger
 j - a +1 dagger of freezing (weapon)
Missiles
 c - 18 poisoned darts
Armour
 a - a +0 robe (worn)
Scrolls
 e - a scroll of fear {unknown}
 g - a scroll of teleportation {unknown}
 h - 3 scrolls of identify {unknown}
Potions
 d - a potion of brilliance {unknown}
 f - a potion of flight {unknown}
 i - a potion of magic {unknown}


   Skills:
 + Level 0.7 Fighting
 + Level 3.0 Dodging
 + Level 3.0 Stealth
 + Level 3.4 Spellcasting
 * Level 2.4 Conjurations
 * Level 3.9 Fire Magic


You had 3 spell levels left.
You knew the following spells:

 Your Spells              Type           Power      Damage    Failure   Level
a - Foxfire               Conj/Fire      68%        2x1d7     3%          1
b - Conjure Flame         Conj/Fire      17%        6-21      11%         3
c - Blink                 Tloc           N/A        N/A       19%         2

Your spell library contained the following spells:

 Spells                   Type           Power      Damage    Failure   Level
 Animate Skeleton         Necr           6%         N/A       13%         1
 Pain                     Necr           12%        1d4       13%         1
 Inner Flame              Hex/Fire       11%        N/A       17%         3
 Corpse Rot               Necr/Air       N/A        N/A       19%         2
 Ensorcelled Hibernation  Hex/Ice        6%         N/A       19%         2
 Ozocubu's Armour         Ice            3%         N/A       36%         3
 Spider Form              Tmut/Pois      1%         N/A       36%         3
 Vampiric Draining        Necr           1%         2d6       36%         3
 Sticky Flame             Conj/Fire      17%        2d4       34%         4
 Fireball                 Conj/Fire      8%         3d6       67%         5
 Dispel Undead            Necr           3%         3d7       77%         4
 Agony                    Necr           3%         N/A       98%         5
 Excruciating Wounds      Necr           1%         N/A       98%         5
 Manifold Assault         Tloc           3%         N/A       98%         5
 Death Channel            Necr           1%         N/A       100%        6
 Shadow Creatures         Summ           N/A        N/A       100%        6
 Ozocubu's Refrigeration  Ice            1%         4d5       100%        7
 Storm Form               Tmut/Air       1%         N/A       100%        7


Dungeon Overview and Level Annotations

Branches:
Dungeon (3/15)

Altars:
The Shining One


Message History

Confirm with . or Enter, or press ? or * to list all spells.
You conjure some foxfire!
You feel sick. The adder bites you.
* * * LOW HITPOINT WARNING * * *
The quokka barely misses you. The adder closely misses you.
Casting: Foxfire (safe; 3% risk of failure)
Confirm with . or Enter, or press ? or * to list all spells.
You blink.
You feel sick.
The foxfire hits the worm.
The worm is severely wounded.
The foxfire hits the adder.
You kill the adder!
Your Dodging skill increases to level 3!
Your Stealth skill increases to level 3!
You have reached level 4!
You feel clever.
You feel sick.
You are no longer poisoned.
The quokka bites you.
* * * LOW HITPOINT WARNING * * *
There is a stone staircase leading down here.
The quokka bites you.
* * * LOW HITPOINT WARNING * * *
You climb downwards.
Found 2 grey potions.
There is a stone staircase leading up here.
You hit the quokka. You freeze the quokka.
You kill the quokka!
The adder hisses angrily.
Found 14 gold pieces.
The adder bites you but does no damage.
Found 19 stones.
Casting: Blink (safe; 19% risk of failure)
Confirm with . or Enter, or press ? or * to list all spells.
You miscast Blink.
You are very lightly contaminated with residual magic.
Nothing appears to happen.
The adder bites you.
* * * LOW HITPOINT WARNING * * *
The adder barely misses you.
You see here 2 grey potions.
The adder bites you.
You die...

#.# ##.# ... # #.# .#
.######.############.###
.......$...............#
.#####.#########......#
..####.###......<.....#
...........!S@...........
.....######.#.###........
...( #.#.# ######### ###
#.#.# #.#.# ..... ####. .


You could see an adder.

Vanquished Creatures
  2 adders (D:2)
  3 dart slugs
  5 ball pythons
  6 bats
  2 endoplasms
  3 giant cockroaches
  A goblin (D:2)
  4 hobgoblins
  6 jackals (D:1)
  7 kobolds
  A quokka (D:3)
  5 frilled lizards
  5 rats
50 creatures vanquished.

Vanquished Creatures (others)
  111 foxfires
111 creatures vanquished.

Grand Total: 161 creatures vanquished

Notes
Turn   | Place    | Note
-------+----------+-------------------------------------------
     0 | D:1      | raph the Deep Elf Fire Elementalist began the quest for the
                  | Orb.
     0 | D:1      | Reached XP level 1. HP: 10/10 MP: 6/6
   213 | D:1      | Reached XP level 2. HP: 14/15 MP: 4/8
   717 | D:1      | Reached XP level 3. HP: 20/20 MP: 7/9
   721 | D:1      | Learned a level 3 spell: Conjure Flame
   814 | D:1      | Found a faded altar of an unknown god.
  1347 | D:2      | Learned a level 2 spell: Blink
  1560 | D:2      | Found a glowing golden altar of the Shining One.
  1778 | D:2      | Reached XP level 4. HP: 6/24 MP: 1/11
  1802 | D:3      | Slain by an adder

Illustrated notes

Levels and vault maps discovered:
D:1:      amcnicky_arrival_feature_with_door, layout_rooms,
          shapermc_ecumenical_altar_mp_highgroup, chequers_serial_rivers_room_b,
          chequers_avenue
D:2:      minmay_general_purpose_star, layout_loops_ring, basic_altar
D:3:      layout_loops_ring, nicolae_dithmenos_shadow_blocks,
          lemuel_crystal_altar, uniq_terence, uniq_ijyb

Skill      XL: |  1  2  3 |
---------------+----------+-----
Conjurations   | 2 |  2.4
Dodging        | 3 |  3.0
Stealth        | 3 |  3.0
Fighting       | |  0.7
Spellcasting   | |  3.4
Fire Magic     | |  3.9

Action                   |  1- 3 |  4- 6 || total
-------------------------+-------+-------++-------
Melee: Dagger            |    14 |     1 ||    15
 Cast: Foxfire           |    71 |       ||    71
       Blink             |     1 |       ||     1
Armor: Robe              |     8 |     1 ||     9
Dodge: Dodged            |    37 |     1 ||    38
